 Dungeon Crawl Stone Soup version 0.31-a0-986-g5e6e4ef867 (webtiles) character file.

Game seed: 5694385301146982834

1020 Jeffwins the Ruffian (level 8, -6/60 HPs)
             Began as a Vine Stalker Shapeshifter on Nov 13, 2023.
             Shot with an arrow by a centaur (13 damage)
             ... on level 5 of the Dungeon.
             The game lasted 00:06:01 (3613 turns).

Jeffwins the Ruffian (Vine Stalker Shapeshifter)    Turns: 3613, Time: 00:06:02

Health: -6/60      AC: 24    Str: 17    XL:     8   Next: 22%
Magic:  0/18       EV:  2    Int: 12    God:
Gold:   192        SH:  0    Dex: 14    Spells: 7/7 levels left

rFire   . .          .
                       - Unarmed
rCold   . . .        (no shield)
rNeg    + . .        a - melded +0 animal skin
rPois   +            m - melded +2 helmet
rElec   .            r - melded +0 cloak
rCorr   .            (gloves currently unavailable)
SInv    .            g - melded +0 pair of boots
Will    +....        (no amulet)
Stlth   +++          W - ring of magical power
HPRegen 1.10/turn    N - ring of positive energy
MPRegen 0.16/turn

%: guardian spirit
@: tree-form
A: stationary, stasis, torment immunity, boosted hp, (fangs 3), regeneration 1,
magic shield, (antimagic bite), no potion heal 2
a: no special abilities


You were on level 5 of the Dungeon.
You were a tree.
You visited 2 branches of the dungeon, and saw 6 of its levels.

You collected 304 gold pieces.
You spent 112 gold pieces at shops.


Innate Abilities, Weirdness & Mutations

You are a tree.
Your roots penetrate the ground, keeping you stationary.
You cannot be teleported.
You are immune to unholy pain and torment.
Your maximum health is greatly increased.
Your equipment is partially melded.
((You have razor-sharp teeth.))
Your natural rate of healing is unusually fast.
When hurt, damage is shared between your health and your magic reserves.
((Your bite disrupts and absorbs the magic of your enemies.))
Potions cannot restore your health.


   Skills:
 + Level 3.2 Fighting
 + Level 3.2 Dodging
 + Level 4.4 Stealth
 * Level 5.8 Unarmed Combat
 + Level 2.5 Evocations
 + Level 4.3 Shapeshifting


You had 7 spell levels left.
You didn't know any spells.
Your spell library was empty.

Inventory:

Hand Weapons
 f - a +2 dagger of venom
Missiles
 j - 8 poisoned darts
Armour
 a - a +0 animal skin (melded)
 g - a +0 pair of boots (melded)
 m - a +2 helmet (melded)
 r - a +0 cloak (melded)
Jewellery
 H - an amulet of faith {!P}
 N - a ring of positive energy (right branch)
 W - a ring of magical power (left branch)
Talismans
 c - a beast talisman
 d - a flux talisman (active)
Wands
 l - a wand of flame (18)
 v - a wand of polymorph (6)
Scrolls
 e - a scroll of teleportation {unknown}
 h - 3 scrolls of immolation {!r}
 i - a scroll of blinking
 k - a scroll of fog
 n - 2 scrolls of fear
 q - 2 scrolls of brand weapon
 s - a scroll of torment {!r}
 w - 3 scrolls of enchant weapon
Potions
 b - a potion of lignification {!q}
 o - 2 potions of might
 p - a potion of mutation {unknown}
 t - a potion of curing {unknown}
 u - a potion of berserk rage {unknown}
 x - a potion of magic {unknown}

Dungeon Overview and Level Annotations

Branches:
Dungeon (5/15)             Temple (1/1) D:4

Altars:
Hepliaklqana
Ru
Sif Muna
Vehumet
Wu Jian
Xom
Zin
The Shining One

Shops:
D:1 !   D:3 ? D:4

[ #..... ##
##..... ...
##.....
....##.....
....#..c..##
...........
......†))#
.......♣.#
.........##
..........#
.$........#
..........#
#######...#
##### #...#
..... #...#
#...
####...#
##..


You could see a centaur.


Message History

* * * LOW HITPOINT WARNING * * *
You smack the scorpion!
You kill the scorpion!
The centaur shoots an arrow.
The arrow hits you but does no damage. The orc hits you but does no damage.
Unknown command.
You hit the orc.
The orc is moderately wounded.
The centaur shoots an arrow.
The arrow hits you but does no damage. The orc hits you with a +0 hand axe.
* * * LOW HITPOINT WARNING * * *
Unknown command.
You pummel the orc!!
You kill the orc!
The centaur shoots an arrow.
The arrow hits you but does no damage.
The centaur shoots an arrow.
The arrow hits you but does no damage.
Unknown command.
Unknown command.
Aiming: Polymorph
Press: ? - help, Shift-Dir - straight line, f - centaur
Aim: a centaur, wielding a +0 orcbow (will become an adder, a boggart, or a water moccasin, chance to affect: 55%)
The centaur resists with significant effort.
The centaur shoots an arrow.
The arrow hits you but does no damage.
Unknown command.
Aiming: Polymorph
Press: ? - help, Shift-Dir - straight line, f/p - centaur
Aim: a centaur, wielding a +0 orcbow (will become an adder, a boggart, or a water moccasin, chance to affect: 55%)
The centaur resists with significant effort.
The centaur shoots an arrow.
The arrow hits you!
You die...

Skill      XL: |  1  2  3  4  5  6  7 |
---------------+----------------------+-----
Fighting       | 1 2 3 |  3.2
Stealth        | 1 2 3 4 |  4.4
Dodging        | 2 3 |  3.2
Unarmed Combat | 4 5 |  5.8
Evocations     | 1 2 |  2.5
Shapeshifting  | 4 |  4.3

Action                     |  1- 3 |  4- 6 |  7- 9 || total
---------------------------+-------+-------+-------++-------
  Melee: Unarmed           |    87 |   149 |    64 ||   300
         Bite              |    20 |    47 |    24 ||    91
         Punch             |     3 |       |     1 ||     4
  Evoke: Wand              |       |       |     2 ||     2
    Use: Scroll            |       |     6 |     3 ||     9
         Potion            |       |       |     1 ||     1
   Stab: Sleeping          |     1 |     1 |       ||     2
 Armour: Animal skin       |    47 |    64 |    38 ||   149
         Skin              |       |       |    25 ||    25
  Dodge: Dodged            |    58 |    79 |    34 ||   171
   Form: Flux              |       |     1 |       ||     1

Levels and vault maps discovered:
D:1:      shiori_arrival_maze, layout_basic, serial_shops, nicolae_shop_stone,
          solitary_fountain
D:2:      minmay_alternating_diamond, layout_basic,
          dilly_ecumenical_altar_fadedgnrine, basic_altar, minmay_distorted
D:3:      layout_loops_ring, nicolae_tso_besieged_by_evil, serial_shops, shop
D:4:      layout_loops_corners, minmay_temple_entry_wispy, serial_shops, shop,
          serial_forest, infiniplex_forest_lined_3_way,
          infiniplex_forest_lined_3_way, infiniplex_forest_join,
          infiniplex_forest_clump_long, infiniplex_forest_clump_tiny,
          infiniplex_forest_lined_room_2, infiniplex_forest_clump_curved,
          hellmonk_ghost_happy_afterlife, kennysheep_small_circle, uniq_sigmund
D:5:      layout_basic, serial_curves, eino_curves_02, eino_curves_04,
          minmay_crossroads
Temple:   nicolae_temple_bog_church

Notes
Turn   | Place    | Note
-------+----------+-------------------------------------------
     0 | D:1      | Jeffwins the Vine Stalker Shapeshifter began the quest for
                  | the Orb.
     0 | D:1      | Reached XP level 1. HP: 9/9 MP: 2/2
    55 | D:1      | Reached skill level 1 in Fighting
   113 | D:1      | Reached XP level 2. HP: 14/14 MP: 3/3
   163 | D:1      | Found Sosh's Distillery.
   179 | D:1      | Reached skill level 1 in Stealth
   315 | D:1      | Reached XP level 3. HP: 18/18 MP: 4/4
   767 | D:2      | Reached skill level 2 in Dodging
   767 | D:2      | Reached XP level 4. HP: 19/22 MP: 5/5
   956 | D:2      | Found a glowing silver altar of Zin.
  1186 | D:1      | Bought a potion of might for 56 gold pieces
  1606 | D:2      | Found a faded altar of an unknown god.
  1704 | D:3      | Reached skill level 2 in Stealth
  1795 | D:3      | Reached skill level 4 in Unarmed Combat
  1930 | D:3      | Found Viweuch's Magic Scroll Shoppe.
  1941 | D:3      | Reached XP level 5. HP: 16/26 MP: 6/6
  1952 | D:3      | Bought a scroll of identify for 28 gold pieces
  1952 | D:3      | Bought a scroll of identify for 28 gold pieces
  2003 | D:3      | Found a glowing golden altar of the Shining One.
  2344 | D:4      | Found a staircase to the Ecumenical Temple.
  2351 | D:4      | Reached skill level 2 in Fighting
  2360 | Temple   | Entered the Ecumenical Temple
  2480 | D:4      | Reached skill level 1 in Evocations
  2566 | D:4      | Found Foduvit's Armour Emporium.
  2704 | D:4      | Noticed a centaur
  2712 | D:4      | Killed a centaur
  2713 | D:4      | Reached skill level 3 in Stealth
  2713 | D:4      | Reached XP level 6. HP: 19/30 MP: 7/7
  2721 | D:4      | Noticed Sigmund
  2731 | D:4      | Killed Sigmund
  2732 | D:4      | Reached XP level 7. HP: 23/35 MP: 8/8
  2759 | D:4      | Found a runed translucent door.
  2760 | D:4      | Noticed backslashecho's ghost (novice MiFi)
  2781 | D:4      | Killed backslashecho's ghost
  2782 | D:4      | Reached skill level 3 in Fighting
  2782 | D:4      | Reached skill level 3 in Dodging
  2782 | D:4      | Reached skill level 4 in Stealth
  2782 | D:4      | Reached skill level 5 in Unarmed Combat
  2782 | D:4      | Reached skill level 2 in Evocations
  2782 | D:4      | Reached skill level 4 in Shapeshifting
  3306 | D:5      | Entered Level 5 of the Dungeon
  3526 | D:5      | Gained mutation: You have razor-sharp teeth. [Vine Stalker
                  | growth]
  3526 | D:5      | Reached XP level 8. HP: 28/40 MP: 9/9
  3608 | D:5      | HP: 5/60 [centaur/arrow (5)]
  3613 | D:5      | Shot with an arrow by a centaur

Vanquished Creatures
  The ghost of backslashecho the Chopper, a novice MiFi (D:4)
  Sigmund (D:4)
  An ogre (D:5)
  A centaur (D:4)
  A scorpion (D:5)
  A crimson imp (D:3)
  2 hounds
  An iguana (D:4)
  3 gnolls (D:5)
  7 adders
  2 worms (D:2)
  2 dart slugs
  7 orcs
  4 ball pythons
  11 bats
  16 endoplasms
  A giant cockroach (D:1)
  2 hobgoblins
  A quokka (D:4)
  4 frilled lizards
  7 goblins
  2 goblin zombies (D:3)
  2 hobgoblin zombies (D:3)
  8 kobolds
  2 kobold skeletons (D:3)
  An orc skeleton (D:3)
  An orc zombie (D:3)
  5 rats
97 creatures vanquished.

Table legend: (Time is in decaauts)
 A = Elapsed time spent in this place.
 B = Non-inter-level travel time spent in this place.
 C = Inter-level travel time spent in this place.
 D = Time resting spent in this place.
 E = Time spent auto-exploring this place.
 F = Levels seen in this place.
 G = Mean time per level.
                   A        B        C        D        E       F      G
               +--------+--------+--------+--------+--------+-----+--------+
         Total |   3589 |   3475 |    114 |     63 |   2703 |   6 |  598.2 |
       Dungeon |   3588 |   3474 |    114 |     63 |   2703 |   5 |  717.6 |
        Temple |      1 |      1 |      0 |      0 |      0 |   1 |    1.0 |
               +--------+--------+--------+--------+--------+-----+--------+

Top non-repeatable levels by time:
     D:4: 1150 daAuts
     D:2: 1056 daAuts
     D:1: 575 daAuts
     D:3: 564 daAuts
     D:5: 240 daAuts
  Temple: 1 daAuts

Table legend:
 A = Non-vault XP
 B = Vault XP
 C = Vault XP percentage of total XP
 D = Non-vault monster count
 E = Vault monster count
 F = Vault count percentage of total count
                 A         B        C        D         E       F
            +---------+---------+-------+---------+---------+-------
      Total |     571 |     887 |  60.8 |      77 |      20 |  20.6
            +---------+---------+-------+---------+---------+-------
        D:1 |      40 |       3 |   7.0 |      25 |       2 |   7.4
        D:2 |      68 |      11 |  13.9 |      20 |       4 |  16.7
        D:3 |      52 |      58 |  52.7 |      17 |       9 |  34.6
        D:4 |     211 |     687 |  76.5 |       7 |       3 |  30.0
        D:5 |     200 |     128 |  39.0 |       8 |       2 |  20.0
            +---------+---------+-------+---------+---------+-------
